 Dungeon Sprint DCSS version 0.31.0-1-g2c135a0 (webtiles) character file.

Game seed: 17252741083982887108

721 PurpleRed the Destroyer (level 7, -10/36 HPs)
             Began as a Deep Elf Conjurer on Mar 8, 2024.
             Was a Believer of Vehumet.
             Mangled by a boulder beetle (30 damage)
             ... in the Dungeon (Sprint II: "The Violet Keep of Menkaure").
             The game lasted 00:06:10 (536 turns).

PurpleRed the Destroyer (Deep Elf Conjurer)          Turns: 536, Time: 00:06:11

Health: -10/36     AC:  2    Str:  4    XL:     7   Next: 43%
Magic:  14/33      EV: 12    Int: 25    God:    Vehumet [**....]
Gold:   233        SH:  0    Dex: 13    Spells: 18/29 levels left

rFire   . . .        (no weapon)
rCold   . . .        (no shield)
rNeg    . . .        a - +0 robe
rPois   .            (no helmet)
rElec   .            (no cloak)
rCorr   .            (no gloves)
SInv    .            (no boots)
Will    .....        (no amulet)
Stlth   ++           e - ring of magical power
HPRegen 0.26/turn    (no ring)
MPRegen 0.23/turn

%: no teleportation
@: no status effects
A: no striking features
a: Renounce Religion


You were in the Dungeon.
You worshipped Vehumet.
Vehumet was pleased with you.
You visited 1 branch You collected 729 gold pieces.
You spent 496 gold pieces at shops.

Inventory:

Armour
 a - a +0 robe (worn)
 f - the +0 buckler "Suar" {Str+3}
   (You bought it in a shop in the Dungeon)

   Str+3:     It affects your strength (+3).
Jewellery
 e - a ring of magical power (left hand)
Potions
 b - 2 potions of magic
 c - a potion of curing
 d - a potion of degeneration {unknown}


   Skills:
 - Level 2.4 Dodging
 - Level 2.4 Stealth
 + Level 11.5 Spellcasting
 * Level 14.4 Conjurations
 - Level 4.0 Translocations
 - Level 4.0 Alchemy


You had 18 spell levels left.
You knew the following spells:

 Your Spells              Type           Power      Damage    Failure   Level
a - Magic Dart            Conj           100%       1d8       0%          1
b - Searing Ray           Conj           100%       2d8       0%          2
c - Fulminant Prism       Conj/Alch      28%        3d14      1%          4
d - Iskenderun's Mystic   Conj/Tloc      57%        2d12      1%          4

Your spell library contained the following spells:

 Spells                   Type           Power      Damage    Failure   Level
 Static Discharge         Conj/Air       100%       3-8/arc   1%          2


Dungeon Overview and Level Annotations

Branches:
Dungeon (1/1)

Altars:
Cheibriados
Dithmenos
Elyvilon
Fedhas
Gozag
Hepliaklqana
Kikubaaqudgha
Makhleb
Nemelex Xobeh
Okawaru
Qazlal
Ru
Sif Muna
Trog
Uskayaw
Vehumet
Wu Jian
Xom
Yredelemnul
Zin
The Shining One
Jiyva
Lugonu

Shops:
D [:![((?(!(==!(:

Annotations:
D exclusions: oklob plant and orange crystal statue


Message History

The crocodile hisses menacingly.
The boulder beetle curls into a ball and begins rolling!
Your fulminant prism crackles loudly.
Your fulminant prism explodes!
The blast of energy engulfs the boulder beetle!
The boulder beetle is lightly wounded.
The blast of energy engulfs the boulder beetle!!
The boulder beetle is severely wounded.
There is an entrance to Hoguril's Distillery here.
Casting: Fulminant Prism (dangerous; 1% risk of failure)
Confirm with . or Enter, or press ? or * to list all spells.
You erupt in a blast of force!
The mystic blast hits the boulder beetle!
The boulder beetle is moderately wounded.
The boulder beetle is knocked back by the mystic blast.
The mystic blast hits the boulder beetle!
The boulder beetle is severely wounded.
The boulder beetle is knocked back by the mystic blast.
The boulder beetle curls into a ball and begins rolling!
Casting: Iskenderun's Mystic Blast (dangerous; 1% risk of failure)
Confirm with . or Enter, or press ? or * to list all spells.
You erupt in a blast of force!
The mystic blast hits the boulder beetle but does no damage.
The boulder beetle is severely wounded.
The mystic blast hits the boulder beetle but does no damage.
The boulder beetle is moderately wounded.
The boulder beetle hits you but does no damage.
The boulder beetle stops rolling and uncurls.
Casting: Iskenderun's Mystic Blast (dangerous; 1% risk of failure)
Confirm with . or Enter, or press ? or * to list all spells.
You erupt in a blast of force!
The mystic blast hits the boulder beetle!
The boulder beetle is almost dead.
The boulder beetle is knocked back by the mystic blast.
The boulder beetle slams into the translucent rock wall!
The mystic blast hits the boulder beetle but does no damage.
The boulder beetle is moderately wounded.
The boulder beetle closely misses you. The boulder beetle hits you!!
Ouch! That really hurt!
You die...

############~~#++
###########~~~... ..
##∩.......#~~~~.##+##..
##.∩.∩....#~~~~##...##.
##..∩.∩...#~~~~#..#..#
##...∩.∩..#~~####...###
##....∩.⌠.#~##.###)###.
##...∩.∩..#~#...##.##..
##..∩.@B°.'~'# #+.<.'##
##.∩.∩.B°.#~#..$##.##..
#▓▓▓▓▓▓▓###~##.###'###.
##lhh######~~####..####
#(ll#Y. ##~~~#..##.#~
#∩P!+?$# #'#~##.#.##~
#)..#?##§##.#~~##'##~~
#?$.###≈§§####~~~~~~~~
##+###≈§§≈ #+++#+++#


You could see 2 boulder beetles, 2 hell hogs, an oklob plant and 3 crocodiles.

Vanquished Creatures
  A merfolk siren (D)
  Menkaure (D)
  4 necrophages (D)
  A hell rat (D)
  3 ribbon worms (D)
10 creatures vanquished.

Vanquished Creatures (others)
  A crocodile (D)
  7 fulminant prisms (D)
8 creatures vanquished.

Grand Total: 18 creatures vanquished

Notes
Turn   | Place    | Note
-------+----------+-------------------------------------------
     0 | D        | PurpleRed the Deep Elf Conjurer began the quest for the
                  | Orb.
     0 | D        | Reached XP level 1. HP: 10/10 MP: 6/6
     2 | D        | Noticed a necrophage
     2 | D        | Noticed a necrophage
     2 | D        | Noticed a necrophage
     2 | D        | Noticed a necrophage
    15 | D        | Killed a necrophage
    16 | D        | Reached skill level 8 in Conjurations
    16 | D        | Reached XP level 2. HP: 11/15 MP: 7/11
    16 | D        | Reached XP level 3. HP: 14/19 MP: 7/12
    21 | D        | Killed a necrophage
    22 | D        | Reached skill level 9 in Conjurations
    22 | D        | Reached XP level 4. HP: 13/24 MP: 7/15
    25 | D        | HP: 1/23 [necrophage (5)]
    31 | D        | Killed a necrophage
    32 | D        | Reached skill level 10 in Conjurations
    32 | D        | Reached XP level 5. HP: 15/28 MP: 4/18
    43 | D        | Reached skill level 11 in Conjurations
   112 | D        | Killed a crocodile
   134 | D        | Found a snail-covered altar of Cheibriados.
   135 | D        | Found a shadowy altar of Dithmenos.
   136 | D        | Found a white marble altar of Elyvilon.
   136 | D        | Found an ancient bone altar of Kikubaaqudgha.
   136 | D        | Found a viscous altar of Jiyva.
   137 | D        | Found a blossoming altar of Fedhas.
   137 | D        | Found a corrupted altar of Lugonu.
   137 | D        | Found a shimmering blue altar of Sif Muna.
   138 | D        | Found an opulent altar of Gozag.
   138 | D        | Found a burning altar of Makhleb.
   138 | D        | Found a bloodstained altar of Trog.
   139 | D        | Found a sparkling altar of Nemelex Xobeh.
   139 | D        | Found a hide-covered altar of Uskayaw.
   140 | D        | Found a basalt altar of Yredelemnul.
   141 | D        | Found an iron altar of Okawaru.
   141 | D        | Found a radiant altar of Vehumet.
   141 | D        | Found a glowing silver altar of Zin.
   141 | D        | Found a hazy altar of Hepliaklqana.
   141 | D        | Found a sacrificial altar of Ru.
   141 | D        | Found a shimmering altar of Xom.
   142 | D        | Found a stormy altar of Qazlal.
   142 | D        | Found an ornate altar of the Wu Jian Council.
   142 | D        | Found a glowing golden altar of the Shining One.
   144 | D        | Noticed a crocodile
   146 | D        | Noticed a laughing skull
   147 | D        | Noticed a crocodile
   153 | D        | Became a worshipper of Vehumet
   154 | D        | Noticed a crocodile
   175 | D        | Learned a level 2 spell: Searing Ray
   180 | D        | Learned a level 4 spell: Fulminant Prism
   185 | D        | Learned a level 4 spell: Iskenderun's Mystic Blast
   190 | D        | Noticed a boulder beetle
   190 | D        | Noticed a boulder beetle
   258 | D        | Noticed an orange crystal statue
   264 | D        | Reached * piety under Vehumet
   264 | D        | Offered knowledge of Freeze by Vehumet.
   296 | D        | Found Viwelumab's Book Shop.
   297 | D        | Found Hoguril's Distillery.
   297 | D        | Found Ukhlyci's Jewellery Boutique.
   297 | D        | Found Quininaq's Antique Weapon Boutique.
   300 | D        | Reached skill level 1 in Translocations
   300 | D        | Reached skill level 1 in Alchemy
   300 | D        | Reached XP level 6. HP: 32/32 MP: 16/20
   322 | D        | Found Heva Bing's Distillery.
   322 | D        | Found Leecerul's Weapon Shop.
   323 | D        | Found Ciliacw's Antique Weapon Shop.
   323 | D        | Found Ytidgheurph's Antique Weapon Boutique.
   323 | D        | Found Guofas's Jewellery Shop.
   323 | D        | Found Nelol's Weapon Boutique.
   324 | D        | Found Geudirho's Magic Scroll Boutique.
   327 | D        | Found Qophas's Antique Armour Boutique.
   327 | D        | Found Cyecipna's Distillery.
   327 | D        | Noticed Menkaure
   327 | D        | Noticed a hell hog
   327 | D        | Noticed a hell hog
   327 | D        | Noticed an oklob plant
   329 | D        | Found Zaikka's Book Shoppe.
   329 | D        | Found Eqenies's Antique Armour Boutique.
   335 | D        | Killed Menkaure
   336 | D        | Reached skill level 10 in Spellcasting
   336 | D        | Reached skill level 12 in Conjurations
   340 | D        | Noticed a death yak
   356 | D        | Bought a ring of magical power for 240 gold pieces
   455 | D        | Noticed a merfolk siren
   466 | D        | Killed a merfolk siren
   466 | D        | Offered knowledge of Static Discharge by Vehumet.
   466 | D        | Reached ** piety under Vehumet
   467 | D        | Reached skill level 14 in Conjurations
   467 | D        | Reached XP level 7. HP: 36/36 MP: 23/24
   511 | D        | Bought an ancient buckler for 256 gold pieces
   511 | D        | Identified the +0 buckler "Suar" {Str+3} (You bought it in
                  | a shop in the Dungeon)
   536 | D        | Mangled by a boulder beetle

Illustrated notes

Levels and vault maps discovered:
D:        the_violet_keep_of_menkaure [sprint2_stairs_cluster_1,
          sprint2_shoproom, sprint2_temple, sprint2_basic_supplies,
          sprint2_obstacle_4, sprint2_obstacle_1, sprint2_obstacle_6,
          sprint2_obstacle_3, sprint2_obstacle_7, sprint2_timed_cluster_1,
          sprint2_smallroom_cluster_1, sprint2_smallroom_final_cluster_1,
          sprint2_transparent_cluster_1, sprint2_second_timed_cluster_1,
          sprint2_sniper_area_1, sprint2_heavy_combat_area_1,
          sprint2_mutation_trap_area_1, sprint2_forest_area_1,
          sprint2_light_combat_area_1, sprint2_behind_water_1,
          sprint2_near_end_vault_1]

Skill      XL: |  1  2  3  4  5  6 |
---------------+-------------------+-----
Spellcasting   | 6 7 8 9 11 | 11.5
Conjurations   | 8 9 10 11 14 | 14.4
Translocations | 1 4 |  4.0
Alchemy        | 1 4 |  4.0
Dodging        | |  2.4
Stealth        | |  2.4

Action                     |  1- 3 |  4- 6 |  7- 9 || total
---------------------------+-------+-------+-------++-------
  Melee: Unarmed           |    14 |     3 |       ||    17
         Punch             |     1 |       |       ||     1
   Cast: Magic Dart        |       |    14 |       ||    14
         Iskenderun's Myst |       |     3 |     4 ||     7
         Fulminant Prism   |       |     6 |     1 ||     7
    Use: Potion            |     2 |     2 |       ||     4
         Scroll            |       |     1 |       ||     1
 Armour: Robe              |     6 |    11 |     3 ||    20
  Dodge: Dodged            |     3 |    12 |     1 ||    16
